[Event "Czech Juniors Boys 2024"]
[Site "Jaromerice nad Rokytnou"]
[Date "2024.03.10"]
[Round "1.1"]
[White "Jun, Rudolf"]
[Black "Lang, Simon"]
[Result "1/2-1/2"]
[ECO "C01"]
[WhiteElo "2243"]
[BlackElo "2043"]
[Annotator "ChessBase"]
[PlyCount "183"]
[EventDate "2024.03.10"]
[EventType "tourn"]
[EventCountry "CZE"]
[SourceTitle "playchess.com"]
[Source "ChessBase"]
[SourceQuality "1"]
[TimeControl "40/5400+30:1800+30"]

1. e4 e6 2. d4 d5 3. Nc3 Nf6 4. exd5 exd5 5. Nf3 Bg4 6. Be2 c6 7. Ne5 Bxe2 8. Qxe2 Be7 9. O-O O-O 10. Kh1 Re8 11. Qd3 Nbd7 12. Bg5 Ne4 13. Bxe7 Qxe7 14. f4 Nxc3 15. bxc3 Nb6 16. Qg3 Nc4 17. Nxc4 dxc4 18. Rae1 Qd7 19. Re5 f6 20. Ree1 Rxe1 21. Rxe1 Re8 22. h3 Rxe1+ 23. Qxe1 Kf7 24. Qf1 Qd5 25. f5 b5 26. Qf4 Qd7 27. Kg1 Ke7 28. Kf2 Kf7 29. g4 h6 30. h4 Qd8 31. Qg3 Kf8 32. Ke3 Kf7 33. Qf4 Qe7+ 34. Kd2 Qd8 35. Kc1 Kf8 36. Kb2 Kf7 37. Qg3 Kf8 38. Qg2 Qd6 39. g5 fxg5 40. hxg5 hxg5 41. Qxg5 b4 42. Qg6 bxc3+ 43. Kxc3 Qa3+ 44. Kd2 Qa5+ 45. Ke2 Qd5 46. Ke3 c5 47. dxc5 Qxc5+ 48. Ke4 Qb4 49. Qe6 Qc3 50. Qd6+ Kg8 51. Qb8+ Kh7 52. Qh2+ Kg8 53. Qe2 Kf7 54. Qd1 Kf6 55. Qd8+ Kf7 56. Qd7+ Kf6 57. Qd8+ Kf7 58. Qc7+ Kf6 59. Qc6+ Kf7 60. Qd5+ Kf6 61. Qe6+ Kg5 62. Qg6+ Kh4 63. Kd5 Kh3 64. Ke6 Qd4 65. Kf7 Qd7+ 66. Kg8 Kh4 67. Kh7 a5 68. Qe6 Qd4 69. Kg6 Qg4+ 70. Kf7 Kg5 71. Qe7+ Kxf5 72. Qc5+ Kf4 73. Qxc4+ Kf3 74. Qxg4+ Kxg4 75. Ke6 Kf4 76. c4 g5 77. c5 g4 78. c6 g3 79. c7 g2 80. c8=Q g1=Q 81. Qc7+ Ke4 82. Qxa5 Qg6+ 83. Kd7 Qf7+ 84. Kc6 Qe8+ 85. Kb7 Kd3 86. Qf5+ Kc3 87. Qf6+ Kb4 88. Qb2+ Ka5 89. Qc3+ Kb5 90. Qb3+ Ka5 91. Qc3+ Kb5 92. a3 1/2-1/2

[Event "Czech Juniors Boys 2024"]
[Site "Jaromerice nad Rokytnou"]
[Date "2024.03.10"]
[Round "1.2"]
[White "Seidl, Jan"]
[Black "Jares, Michal"]
[Result "0-1"]
[ECO "E04"]
[WhiteElo "2230"]
[BlackElo "2347"]
[Annotator "RC"]
[PlyCount "108"]
[EventDate "2024.03.10"]
[EventType "tourn"]
[EventCountry "CZE"]
[SourceTitle "playchess.com"]
[Source "ChessBase"]
[SourceQuality "1"]
[TimeControl "40/5400+30:1800+30"]

1. d4 d5 2. c4 e6 3. Nf3 Nf6 4. g3 Bb4+ 5. Nbd2 dxc4 6. Bg2 O-O 7. O-O b5 8. a4 c6 9. Ne1 Nd5 10. Nc2 Be7 11. e4 Nf6 12. e5 Nd5 13. Ne4 Nd7 14. axb5 cxb5 15. Nc3 Nxc3 16. bxc3 Rb8 17. Rxa7 Qb6 18. Ra1 Bb7 19. Ba3 Bxa3 20. Rxa3 Ra8 21. Qb1 Bxg2 22. Kxg2 Qc6+ 23. Kg1 Nb6 24. Qb2 Nd5 25. Rfa1 Ra4 26. Rxa4 bxa4 27. Rb1 h5 28. h4 Ra8 29. Na3 g6 30. Qc2 Ra6 31. Rb5 Kg7 32. Rc5 Qb7 33. Rxc4 Qb3 34. Qc1 Rb6 35. Rc8 Rb8 36. Rxb8 Qxb8 37. c4 Ne7 38. Nb5 Nf5 39. Qa3 Qa8 40. Qd3 Ne7 41. Kf1 Qa5 42. Kg2 Qe1 43. Qe3 Qb4 44. Qd3 Qe1 45. Nd6 Nf5 46. c5 Qa5 47. Nb5 Qa6 48. Kh2 a3 49. Qxa3 Qxb5 50. Qf3 Qc4 51. c6 Qxd4 52. c7 Qc5 53. Qb7 Qxf2+ 54. Qg2 Qxg2+ 0-1

[Event "Czech Juniors Boys 2024"]
[Site "Jaromerice nad Rokytnou"]
[Date "2024.03.10"]
[Round "1.3"]
[White "Soucek, Petr"]
[Black "Frank, Adam"]
[Result "1/2-1/2"]
[ECO "D30"]
[WhiteElo "2209"]
[BlackElo "2284"]
[Annotator "ChessBase"]
[PlyCount "109"]
[EventDate "2024.03.10"]
[EventType "tourn"]
[EventCountry "CZE"]
[SourceTitle "playchess.com"]
[Source "ChessBase"]
[SourceQuality "1"]
[TimeControl "40/5400+30:1800+30"]

1. d4 d5 2. c4 e6 3. Nf3 c5 4. cxd5 exd5 5. g3 Nc6 6. Bg2 Nf6 7. O-O Be7 8. dxc5 Bxc5 9. a3 Ne4 10. Nfd2 O-O 11. Nb3 Bb6 12. Nc3 Nxc3 13. bxc3 Re8 14. Ra2 Qf6 15. Rd2 Ne5 16. Bxd5 Bh3 17. Bg2 Bxg2 18. Kxg2 Qc6+ 19. Kg1 Rac8 20. Nd4 Qe4 21. Nf3 Nxf3+ 22. exf3 Qc6 23. Rd3 Rcd8 24. Kg2 Rxd3 25. Qxd3 Qa4 26. Qd1 Qc4 27. Re1 Re6 28. Rxe6 Qxe6 29. Be3 h5 30. Bxb6 Qxb6 31. Qd7 Qb3 32. Qe8+ Kh7 33. Qe4+ g6 34. Qb4 Qd5 35. c4 Qd7 36. h4 b6 37. c5 bxc5 38. Qxc5 Kg8 39. Qa5 Qd4 40. Qb5 Qd6 41. a4 a6 42. Qb7 Qd3 43. a5 Qc4 44. f4 Kh7 45. Kh2 Qa2 46. Qb6 Qd2 47. Qc5 Qd3 48. Qe7 Qd5 49. Qe5 Qd2 50. Kg2 Qd3 51. Qf6 Kg8 52. Qc6 Kh7 53. Qf3 Qb5 54. Qc3 Qd5+ 55. Kh2 1/2-1/2

[Event "Czech Juniors Boys 2024"]
[Site "Jaromerice nad Rokytnou"]
[Date "2024.03.10"]
[Round "1.4"]
[White "Vilimek, Vit"]
[Black "Hak, David"]
[Result "0-1"]
[ECO "B34"]
[WhiteElo "2061"]
[BlackElo "2283"]
[Annotator "ChessBase"]
[PlyCount "62"]
[EventDate "2024.03.10"]
[EventType "tourn"]
[EventCountry "CZE"]
[SourceTitle "playchess.com"]
[Source "ChessBase"]
[SourceQuality "1"]
[TimeControl "40/5400+30:1800+30"]

1. e4 c5 2. Nf3 Nc6 3. d4 cxd4 4. Nxd4 g6 5. Nc3 Bg7 6. Nde2 Nf6 7. g3 b5 8. a3 a5 9. Bg2 Ba6 10. O-O O-O 11. Nd5 d6 12. c3 Nxd5 13. exd5 Ne5 14. f4 Qb6+ 15. Kh1 Nc4 16. Nd4 b4 17. Re1 Qc5 18. axb4 axb4 19. Nb3 Qb6 20. Nd4 Bb7 21. Rxa8 Rxa8 22. Qb3 Na5 23. Qxb4 Qxb4 24. cxb4 Bxd4 25. bxa5 Rxa5 26. Rxe7 Ra1 27. Re1 Bf2 28. Rf1 Ba6 29. Be3 Bxf1 30. Bxf2 Bc4+ 31. Bg1 Rd1 0-1

[Event "Czech Juniors Boys 2024"]
[Site "Jaromerice nad Rokytnou"]
[Date "2024.03.10"]
[Round "1.5"]
[White "Skypala, Ondrej"]
[Black "Bohacek, Jan Andrej"]
[Result "1/2-1/2"]
[ECO "A13"]
[WhiteElo "2234"]
[BlackElo "2140"]
[Annotator "ChessBase"]
[PlyCount "61"]
[EventDate "2024.03.10"]
[EventType "tourn"]
[EventCountry "CZE"]
[SourceTitle "playchess.com"]
[Source "ChessBase"]
[SourceQuality "1"]
[TimeControl "40/5400+30:1800+30"]

1. c4 e6 2. g3 d5 3. Bg2 Nf6 4. Nf3 dxc4 5. Na3 Bxa3 6. bxa3 b5 7. Rb1 a6 8. a4 Bb7 9. Ba3 Nbd7 10. Qc2 c5 11. Bb2 O-O 12. axb5 axb5 13. Bxf6 Nxf6 14. Rxb5 Be4 15. Qxc4 Bd5 16. Qxc5 Rxa2 17. O-O Bxf3 18. Bxf3 Rxd2 19. Kg2 Qd4 20. h4 Qxc5 21. Rxc5 h5 22. Rb1 g6 23. Rb7 Rd7 24. Rb4 Rfd8 25. Rcc4 Rd2 26. Rb7 R2d7 27. Rcc7 Kg7 28. Bc6 Rxc7 29. Rxc7 Rd2 30. Kf3 Rc2 31. Rc8 1/2-1/2

[Event "Czech Juniors Boys 2024"]
[Site "Jaromerice nad Rokytnou"]
[Date "2024.03.10"]
[Round "1.6"]
[White "Paseka, Matyas"]
[Black "Bokhnak, Timofey"]
[Result "1-0"]
[ECO "C18"]
[WhiteElo "2233"]
[BlackElo "2241"]
[Annotator "ChessBase"]
[PlyCount "70"]
[EventDate "2024.03.10"]
[EventType "tourn"]
[EventCountry "CZE"]
[SourceTitle "playchess.com"]
[Source "ChessBase"]
[SourceQuality "1"]
[TimeControl "40/5400+30:1800+30"]

1. e4 e6 2. d4 d5 3. Nc3 Bb4 4. e5 c5 5. a3 Bxc3+ 6. bxc3 Qa5 7. Bd2 Qa4 8. Qb1 c4 9. h4 Nc6 10. h5 h6 11. g4 Bd7 12. Ne2 O-O-O 13. Ng3 Rf8 14. f4 f6 15. Be2 Nge7 16. Be3 Qa5 17. Qb2 Qc7 18. Kd2 f5 19. Rhg1 Rhg8 20. Rg2 g5 21. hxg6 fxg4 22. Bxg4 Rxg6 23. Nh5 Nf5 24. Nf6 Nxe3 25. Kxe3 h5 26. Nxh5 Ne7 27. Rag1 a5 28. Nf6 Rgxf6 29. exf6 Rxf6 30. Rf1 Qd6 31. Qc1 Ng6 32. Rgf2 Kc7 33. Ke2 Ba4 34. f5 Qg3 35. Qg5 Rxf5 1-0

[Event "Czech Juniors Boys 2024"]
[Site "Jaromerice nad Rokytnou"]
[Date "2024.03.10"]
[Round "2.1"]
[White "Lang, Simon"]
[Black "Bokhnak, Timofey"]
[Result "0-1"]
[ECO "B46"]
[WhiteElo "2043"]
[BlackElo "2241"]
[Annotator "ChessBase"]
[PlyCount "60"]
[EventDate "2024.03.10"]
[EventType "tourn"]
[EventCountry "CZE"]
[SourceTitle "playchess.com"]
[Source "ChessBase"]
[SourceQuality "1"]
[TimeControl "40/5400+30:1800+30"]

1. e4 c5 2. Nf3 e6 3. d4 cxd4 4. Nxd4 Nc6 5. Nc3 a6 6. Nxc6 bxc6 7. Bd3 d5 8. O-O Nf6 9. Qe2 Be7 10. b3 O-O 11. Bb2 Re8 12. e5 Nd7 13. Qh5 g6 14. Qe2 Qc7 15. Rae1 Bb7 16. f4 c5 17. f5 gxf5 18. Qh5 d4 19. Bxf5 exf5 20. Rxf5 Qc6 21. Re4 Kh8 22. Rg4 Qe6 23. h3 Rg8 24. Rxf7 Nf6 25. Rxf6 Bxf6 26. exf6 Rxg4 27. hxg4 Qe3+ 28. Kh2 dxc3 29. Ba3 Qf4+ 30. Kg1 Qg3 0-1

[Event "Czech Juniors Boys 2024"]
[Site "Jaromerice nad Rokytnou"]
[Date "2024.03.10"]
[Round "2.2"]
[White "Bohacek, Jan Andrej"]
[Black "Paseka, Matyas"]
[Result "1-0"]
[ECO "E62"]
[WhiteElo "2140"]
[BlackElo "2233"]
[Annotator "ChessBase"]
[PlyCount "48"]
[EventDate "2024.03.10"]
[EventType "tourn"]
[EventCountry "CZE"]
[SourceTitle "playchess.com"]
[Source "ChessBase"]
[SourceQuality "1"]
[TimeControl "40/5400+30:1800+30"]

1. d4 Nf6 2. c4 d6 3. Nf3 g6 4. g3 Bg7 5. Bg2 O-O 6. Nc3 Nc6 7. O-O Bf5 8. b3 Ne4 9. Nd5 Be6 10. Bb2 Bxd5 11. cxd5 Nb4 12. Nd2 Nf6 13. e4 c5 14. Nc4 b5 15. Ne3 Nd7 16. a3 Na6 17. Nc2 Nb6 18. Qe2 Qd7 19. a4 bxa4 20. Qxa6 axb3 21. Ne3 Bxd4 22. Rfb1 Qc8 23. Bf1 Bxe3 24. fxe3 Qg4 1-0

[Event "Czech Juniors Boys 2024"]
[Site "Jaromerice nad Rokytnou"]
[Date "2024.03.10"]
[Round "2.3"]
[White "Hak, David"]
[Black "Skypala, Ondrej"]
[Result "0-1"]
[ECO "B00"]
[WhiteElo "2283"]
[BlackElo "2234"]
[Annotator "ChessBase"]
[PlyCount "168"]
[EventDate "2024.03.10"]
[EventType "tourn"]
[EventCountry "CZE"]
[SourceTitle "playchess.com"]
[Source "ChessBase"]
[SourceQuality "1"]
[TimeControl "40/5400+30:1800+30"]

1. e4 b6 2. d4 e6 3. Nc3 Bb7 4. Nf3 Bb4 5. Bd3 Nf6 6. e5 Ne4 7. O-O Nxc3 8. bxc3 Bxc3 9. Rb1 Bd5 10. Bg5 Qc8 11. Qc1 h6 12. Bd2 Bxd2 13. Nxd2 Bxa2 14. Rb2 Bd5 15. f4 Bb7 16. Qe1 Nc6 17. Qg3 Ne7 18. c4 O-O 19. Ne4 Bxe4 20. Bxe4 c6 21. Bb1 f5 22. Qf3 Qe8 23. g3 Qf7 24. Rg2 b5 25. cxb5 cxb5 26. Ba2 Nd5 27. g4 fxg4 28. Rxg4 Ne7 29. Kh1 Kh8 30. Rfg1 Nf5 31. Bb1 Nxd4 32. Qd3 Nf5 33. Rxg7 Qh5 34. Rxd7 Rg8 35. Rxg8+ Rxg8 36. Rd8 Qh4 37. Rxg8+ Kxg8 38. Ba2 Ng7 39. Qf1 Kf7 40. Bb3 Nh5 41. Qxb5 Qe1+ 42. Kg2 Qe4+ 43. Kg1 Qe1+ 44. Kg2 Qe4+ 45. Kg1 Nxf4 46. Qd7+ Kg6 47. Qe8+ Kf5 48. Qf8+ Kxe5 49. Qh8+ Kd6 50. Qb8+ Ke7 51. Qc7+ Kf6 52. Qd8+ Ke5 53. Qh8+ Kf5 54. Qf8+ Kg5 55. Qe7+ Kg4 56. Qg7+ Ng6 57. Qc3 Kg5 58. Qd2+ Qf4 59. Qd8+ Qf6 60. Qa5+ Qf5 61. Qd8+ Kg4 62. Qd1+ Kh4 63. Qe1+ Kg5 64. Bxe6 Qc5+ 65. Kh1 Kf6 66. Bh3 Nf4 67. Qh4+ Qg5 68. Qxg5+ Kxg5 69. Bd7 a5 70. Kg1 Nd3 71. Kf1 Kf4 72. Ke2 Ne5 73. Be6 Nf3 74. Kd3 Nxh2 75. Bf7 Nf3 76. Kc3 Ne5 77. Be8 Kg5 78. Kb3 h5 79. Bb5 h4 80. Bf1 Kg4 81. Ka4 Kg3 82. Kxa5 Ng4 83. Bd3 h3 84. Kb4 Ne3 0-1

[Event "Czech Juniors Boys 2024"]
[Site "Jaromerice nad Rokytnou"]
[Date "2024.03.10"]
[Round "2.4"]
[White "Frank, Adam"]
[Black "Vilimek, Vit"]
[Result "1-0"]
[ECO "B20"]
[WhiteElo "2284"]
[BlackElo "2061"]
[Annotator "ChessBase"]
[PlyCount "113"]
[EventDate "2024.03.10"]
[EventType "tourn"]
[EventCountry "CZE"]
[SourceTitle "playchess.com"]
[Source "ChessBase"]
[SourceQuality "1"]
[TimeControl "40/5400+30:1800+30"]

1. e4 e6 2. b3 d5 3. Bb2 c5 4. exd5 exd5 5. Bb5+ Bd7 6. Qe2+ Qe7 7. Nc3 Bxb5 8. Nxb5 Kd7 9. O-O-O Qxe2 10. Nxe2 a6 11. Nbc3 d4 12. Ne4 Nc6 13. c3 Re8 14. f3 Nf6 15. Nxf6+ gxf6 16. Ng3 Re5 17. f4 Re8 18. Nf5 Re4 19. g3 Ke6 20. Nh4 f5 21. Rhe1 Be7 22. d3 Rxe1 23. Rxe1+ Kf6 24. Nf3 Rd8 25. cxd4 cxd4 26. a3 Bc5 27. Kd2 Bb6 28. b4 h6 29. Rc1 Rd5 30. Rc4 Ke6 31. a4 Kd6 32. Ba3 Kd7 33. Rc1 Bc7 34. Kc2 Bd6 35. Kb3 b5 36. Ra1 Be7 37. Ne1 Rd6 38. axb5 axb5 39. Nc2 Re6 40. Bb2 Re2 41. Na3 Rd2 42. Nxb5 Rxh2 43. Bxd4 Rg2 44. Bc5 Rxg3 45. Kc4 Rf3 46. Bxe7 Rxf4+ 47. Kc5 Nxe7 48. Ra7+ Ke6 49. Nc7+ Ke5 50. Ra1 Kf6 51. Ne8+ Kg6 52. b5 Rf2 53. b6 Rb2 54. Nd6 f4 55. b7 Ng8 56. Nb5 Nf6 57. Ra6 1-0

[Event "Czech Juniors Boys 2024"]
[Site "Jaromerice nad Rokytnou"]
[Date "2024.03.10"]
[Round "2.5"]
[White "Jares, Michal"]
[Black "Soucek, Petr"]
[Result "1-0"]
[ECO "A05"]
[WhiteElo "2347"]
[BlackElo "2209"]
[Annotator "RC"]
[PlyCount "77"]
[EventDate "2024.03.10"]
[EventType "tourn"]
[EventCountry "CZE"]
[SourceTitle "playchess.com"]
[Source "ChessBase"]
[SourceQuality "1"]
[TimeControl "40/5400+30:1800+30"]

1. Nf3 Nf6 2. g3 d5 3. Bg2 c5 4. O-O g6 5. b3 Bg7 6. Bb2 O-O 7. c4 d4 8. b4 Nfd7 9. bxc5 Nc6 10. d3 Nxc5 11. Nbd2 h6 12. Rb1 Bd7 13. Ba3 b6 14. Bxc5 bxc5 15. Ne4 Qa5 16. Qd2 Rac8 17. Rb5 Qxd2 18. Nfxd2 a6 19. Rb6 Nb8 20. Nb3 Bg4 21. Nexc5 Bxe2 22. Re1 Bg4 23. h3 Nd7 24. Nxd7 Bxd7 25. Rxe7 Bf5 26. Be4 Bxh3 27. Rxa6 Rfe8 28. Rxe8+ Rxe8 29. Ra8 Kf8 30. Rxe8+ Kxe8 31. a4 Kd8 32. a5 Kc7 33. a6 Kb6 34. Bb7 Bf5 35. c5+ Kc7 36. Na5 Kb8 37. c6 Be5 38. c7+ Bxc7 39. Nc6# 1-0

[Event "Czech Juniors Boys 2024"]
[Site "Jaromerice nad Rokytnou"]
[Date "2024.03.10"]
[Round "2.6"]
[White "Jun, Rudolf"]
[Black "Seidl, Jan"]
[Result "0-1"]
[ECO "B13"]
[WhiteElo "2243"]
[BlackElo "2230"]
[Annotator "ChessBase"]
[PlyCount "66"]
[EventDate "2024.03.10"]
[EventType "tourn"]
[EventCountry "CZE"]
[SourceTitle "playchess.com"]
[Source "ChessBase"]
[SourceQuality "1"]
[TimeControl "40/5400+30:1800+30"]

1. e4 c6 2. d4 d5 3. exd5 cxd5 4. c4 Nf6 5. Nc3 Nc6 6. Nf3 Bg4 7. Be3 e6 8. c5 g6 9. Qb3 Qc8 10. Ne5 Bf5 11. Qa4 Nd7 12. Bf4 g5 13. Nxc6 gxf4 14. Ne5 Ke7 15. Nxd7 Qxd7 16. Bb5 Qc7 17. Be2 Kf6 18. Bf3 Kg7 19. g4 Bg6 20. h4 h6 21. O-O Rg8 22. Rfe1 Kh8 23. Kh1 Qd8 24. Kg2 Bf5 25. Kh3 Qf6 26. Re5 Be7 27. Kg2 Bxg4 28. Bxg4 f3+ 29. Kf1 Rxg4 30. Ke1 Bxc5 31. Qb5 Bxd4 32. Qxb7 Qxe5+ 33. Kd2 Rb8 0-1

[Event "Czech Juniors Boys 2024"]
[Site "Jaromerice nad Rokytnou"]
[Date "2024.03.10"]
[Round "3.1"]
[White "Seidl, Jan"]
[Black "Lang, Simon"]
[Result "1-0"]
[ECO "C11"]
[WhiteElo "2230"]
[BlackElo "2043"]
[Annotator "ChessBase"]
[PlyCount "87"]
[EventDate "2024.03.10"]
[EventType "tourn"]
[EventCountry "CZE"]
[SourceTitle "playchess.com"]
[Source "ChessBase"]
[SourceQuality "1"]
[TimeControl "40/5400+30:1800+30"]

1. e4 e6 2. d4 d5 3. Nc3 Nf6 4. e5 Nfd7 5. f4 c5 6. Nce2 Nc6 7. c3 cxd4 8. cxd4 b5 9. Nf3 Nb6 10. h4 Nc4 11. h5 Bb4+ 12. Kf2 h6 13. g4 Qb6 14. b3 Na3 15. Be3 Ba6 16. f5 O-O-O 17. Nf4 Rhe8 18. Rc1 Kb8 19. fxe6 fxe6 20. Bh3 Bf8 21. g5 Bc8 22. gxh6 gxh6 23. Rg1 b4 24. Rg6 Ne7 25. Rxe6 Bxe6 26. Nxe6 Rc8 27. Nc5 Rxc5 28. dxc5 Qc7 29. Qd2 Nc6 30. Bf4 Ka8 31. Qxd5 Rd8 32. Qe4 Nb5 33. Bg2 Nc3 34. Qc4 Qa5 35. Nd2 Bxc5+ 36. Kg3 Qb6 37. Ne4 Be3 38. Nxc3 Bxf4+ 39. Qxf4 Rd3+ 40. Kh2 Rxc3 41. Rxc3 bxc3 42. Qc4 Kb7 43. Qxc3 Kc7 44. Qxc6+ 1-0

[Event "Czech Juniors Boys 2024"]
[Site "Jaromerice nad Rokytnou"]
[Date "2024.03.10"]
[Round "3.2"]
[White "Soucek, Petr"]
[Black "Jun, Rudolf"]
[Result "0-1"]
[ECO "E16"]
[WhiteElo "2209"]
[BlackElo "2243"]
[Annotator "ChessBase"]
[PlyCount "132"]
[EventDate "2024.03.10"]
[EventType "tourn"]
[EventCountry "CZE"]
[SourceTitle "playchess.com"]
[Source "ChessBase"]
[SourceQuality "1"]
[TimeControl "40/5400+30:1800+30"]

1. d4 Nf6 2. c4 e6 3. Nf3 b6 4. g3 Bb7 5. Bg2 c5 6. d5 exd5 7. cxd5 Bxd5 8. Nc3 Bc6 9. e4 d6 10. O-O Be7 11. Nh4 g6 12. Bh6 Qc7 13. Re1 Nbd7 14. Nd5 Bxd5 15. exd5 Kd8 16. Nf3 Bf8 17. Ng5 Bxh6 18. Nxf7+ Kc8 19. Nxh6 Rf8 20. Qa4 a6 21. Qc6 Qxc6 22. dxc6 Ne5 23. Rad1 Kc7 24. f4 Nxc6 25. Re6 Rad8 26. Rde1 Nd4 27. Re7+ Rd7 28. Bh3 Nf3+ 29. Kf1 Nd2+ 30. Kf2 Rxe7 31. Rxe7+ Kc6 32. Nf7 Nde4+ 33. Kf3 d5 34. Ne5+ Kb5 35. Re6 Nd2+ 36. Ke2 Nc4 37. Nd3 Ka5 38. b3 Na3 39. Ne5 c4 40. Bf1 Kb5 41. Kd1 Ne4 42. Nd7 Rd8 43. Rxb6+ Ka5 44. b4+ Ka4 45. Rxa6+ Kxb4 46. Ne5 Rc8 47. Bg2 Nb5 48. Kc2 Nd4+ 49. Kc1 Ne2+ 50. Kc2 Nd4+ 51. Kc1 Nb5 52. Kc2 Kc5 53. a4 Nd4+ 54. Kc1 Nb3+ 55. Kc2 Kd4 56. Nc6+ Ke3 57. Ne7 Rc5 58. Bxe4 dxe4 59. Kc3 Kf2 60. Re6 e3 61. Nd5 Rxd5 62. Kxc4 Rd4+ 63. Kxb3 e2 64. Kc3 Rxa4 65. Kb3 Ra1 66. Kb2 e1=Q 0-1

[Event "Czech Juniors Boys 2024"]
[Site "Jaromerice nad Rokytnou"]
[Date "2024.03.10"]
[Round "3.3"]
[White "Vilimek, Vit"]
[Black "Jares, Michal"]
[Result "0-1"]
[ECO "B10"]
[WhiteElo "2061"]
[BlackElo "2347"]
[Annotator "RC"]
[PlyCount "80"]
[EventDate "2024.03.10"]
[EventType "tourn"]
[EventCountry "CZE"]
[SourceTitle "playchess.com"]
[Source "ChessBase"]
[SourceQuality "1"]
[TimeControl "40/5400+30:1800+30"]

1. e4 c6 2. c4 d5 3. exd5 cxd5 4. cxd5 Nf6 5. Nc3 Nxd5 6. Bc4 Nxc3 7. Qf3 e6 8. dxc3 Be7 9. Qg3 Bf6 10. Bf4 Nc6 11. Bc7 Qe7 12. Bd6 Qd8 13. Bc7 Qe7 14. Bd6 Qd7 15. O-O-O e5 16. Nf3 Qg4 17. Nxe5 Bxe5 18. Bxe5 Qxc4 19. Qxg7 Rf8 20. Bd6 Ne7 21. Rhe1 Be6 22. Qf6 Ng8 23. Qg7 Ne7 24. Qf6 O-O-O 25. Bxe7 Rxd1+ 26. Rxd1 Re8 27. Qe5 Qxa2 28. Qc5+ Kb8 29. Qd6+ Kc8 30. Qc5+ Kb8 31. Bd6+ Ka8 32. Qb5 Rd8 33. Qb4 Bb3 34. Rd4 Qa1+ 35. Kd2 Qxb2+ 36. Ke3 Qc1+ 37. Kf3 Bd1+ 38. Ke4 Qc2+ 39. Kd5 Qf5+ 40. Kc4 b5+ 0-1

[Event "Czech Juniors Boys 2024"]
[Site "Jaromerice nad Rokytnou"]
[Date "2024.03.10"]
[Round "3.4"]
[White "Skypala, Ondrej"]
[Black "Frank, Adam"]
[Result "1/2-1/2"]
[ECO "A25"]
[WhiteElo "2234"]
[BlackElo "2284"]
[Annotator "ChessBase"]
[PlyCount "164"]
[EventDate "2024.03.10"]
[EventType "tourn"]
[EventCountry "CZE"]
[SourceTitle "playchess.com"]
[Source "ChessBase"]
[SourceQuality "1"]
[TimeControl "40/5400+30:1800+30"]

1. c4 e5 2. g3 Nc6 3. Bg2 g6 4. Nc3 Bg7 5. e3 d6 6. Nge2 f5 7. O-O Nf6 8. d3 O-O 9. Rb1 a5 10. b3 Ne7 11. f4 c6 12. Ba3 Qc7 13. d4 e4 14. Qd2 h6 15. Rfd1 g5 16. d5 c5 17. Nb5 Qd8 18. Bb2 b6 19. a4 Ng6 20. Rf1 Qe7 21. Bh3 Ne8 22. Bxg7 Nxg7 23. Bg2 Bd7 24. Na3 Rf7 25. Nc2 Raf8 26. Kf2 Nh5 27. Rh1 Nf6 28. Bh3 Rg7 29. Rbg1 Kf7 30. Ke1 Ke8 31. Kd1 Kd8 32. Rf1 Ne8 33. Rf2 Rgf7 34. Rhf1 Kc7 35. Qc3 Rf6 36. Rh1 Qf7 37. Bf1 Rg8 38. Ng1 Qe7 39. Be2 Rf7 40. Nh3 Rh7 41. Bh5 Nf6 42. Be2 Nh8 43. Rhf1 Nf7 44. Ne1 g4 45. Ng1 h5 46. Ng2 Nh8 47. Nh4 Ng6 48. Nxg6 Rxg6 49. Rg2 h4 50. Kc2 Rgh6 51. Bd1 hxg3 52. hxg3 Rh1 53. Rff2 Qf8 54. Kc1 R7h6 55. Qb2 Qg7 56. Be2 Qg6 57. Bf1 Be8 58. Kb1 Bf7 59. Qd2 Rh7 60. Ne2 Nd7 61. Nc3 Nb8 62. Kb2 R7h3 63. Ne2 Na6 64. Ng1 Rh7 65. Be2 Nb4 66. Bf1 Qg7+ 67. Kb1 Qh8 68. Be2 Kd7 69. Bf1 Ke8 70. Be2 Ke7 71. Bf1 Qa8 72. Qb2 Bxd5 73. cxd5 Qxd5 74. Rd2 Qe6 75. Rd1 d5 76. Bb5 Qf6 77. Qd2 Rh8 78. Ne2 R1h2 79. Rxh2 Rxh2 80. Bc4 Qe6 81. Bb5 Qf6 82. Bc4 Qe6 1/2-1/2

[Event "Czech Juniors Boys 2024"]
[Site "Jaromerice nad Rokytnou"]
[Date "2024.03.10"]
[Round "3.5"]
[White "Paseka, Matyas"]
[Black "Hak, David"]
[Result "0-1"]
[ECO "B70"]
[WhiteElo "2233"]
[BlackElo "2283"]
[Annotator "ChessBase"]
[PlyCount "116"]
[EventDate "2024.03.10"]
[EventType "tourn"]
[EventCountry "CZE"]
[SourceTitle "playchess.com"]
[Source "ChessBase"]
[SourceQuality "1"]
[TimeControl "40/5400+30:1800+30"]

1. e4 c5 2. Nf3 Nc6 3. d4 cxd4 4. Nxd4 g6 5. Nb3 Bg7 6. Be2 Nf6 7. Nc3 O-O 8. O-O d6 9. Bg5 a6 10. f4 b5 11. Bf3 Bb7 12. a4 b4 13. Nd5 Nxd5 14. exd5 Na5 15. Bxe7 Qxe7 16. Nxa5 Bxb2 17. Rb1 Bc3 18. Qd3 Qc7 19. Nxb7 Qxb7 20. f5 Qd7 21. Be4 a5 22. Rf3 Qxa4 23. fxg6 fxg6 24. Bxg6 Qd7 25. Bf5 Rxf5 26. Rxf5 a4 27. Rbf1 a3 28. Qf3 Qa7+ 29. Kh1 Bg7 30. Rf7 Qd4 31. Re7 h6 32. Qf7+ Kh7 33. Qf5+ Kh8 34. Rc7 Qe5 35. Rc8+ Rxc8 36. Qxc8+ Kh7 37. Qc4 Qd4 38. Qb3 Qc3 39. Qa2 Qb2 40. Qc4 Qd4 41. Qa2 Be5 42. Qb3 Qh4 43. Qd3+ Kg7 44. g3 Qh3 45. Re1 a2 46. Qa6 Qf5 47. Rxe5 dxe5 48. Kg1 b3 49. cxb3 Qb1+ 50. Kf2 a1=Q 51. Qb7+ Kf6 52. Qc6+ Kf5 53. Qe6+ Ke4 54. Qg4+ Kd3 55. Qe2+ Kc3 56. Qxe5+ Kxb3 57. Qb8+ Kc2 58. Qc8+ Kd2 0-1

[Event "Czech Juniors Boys 2024"]
[Site "Jaromerice nad Rokytnou"]
[Date "2024.03.10"]
[Round "3.6"]
[White "Bokhnak, Timofey"]
[Black "Bohacek, Jan Andrej"]
[Result "1-0"]
[ECO "B13"]
[WhiteElo "2241"]
[BlackElo "2140"]
[Annotator "ChessBase"]
[PlyCount "85"]
[EventDate "2024.03.10"]
[EventType "tourn"]
[EventCountry "CZE"]
[SourceTitle "playchess.com"]
[Source "ChessBase"]
[SourceQuality "1"]
[TimeControl "40/5400+30:1800+30"]

1. e4 c6 2. d4 d5 3. exd5 cxd5 4. Bd3 Nc6 5. c3 Nf6 6. Nf3 Bg4 7. h3 Bh5 8. Bf4 e6 9. Nbd2 Bd6 10. Bxd6 Qxd6 11. O-O O-O 12. Re1 Bg6 13. Bxg6 hxg6 14. Ne5 Rfc8 15. Qe2 Rab8 16. a3 Qc7 17. Nd3 Na5 18. Qf3 Ne8 19. h4 Nd6 20. g3 Qd8 21. Ne5 Rc7 22. Qf4 Nac4 23. Ndxc4 Nxc4 24. Nxc4 Rxc4 25. Kg2 Rcc8 26. Re5 Qf6 27. Qg4 b5 28. Rae1 a5 29. R1e3 b4 30. axb4 axb4 31. Rg5 bxc3 32. bxc3 Rb3 33. Rf3 Qe7 34. h5 f5 35. Qf4 gxh5 36. Rxh5 Rcxc3 37. Rxc3 Rxc3 38. Qb8+ Kf7 39. Rh8 Rd3 40. Rc8 Kg6 41. Rc7 Qf6 42. Qe8+ Kh7 43. Rc1 1-0

[Event "Czech Juniors Boys 2024"]
[Site "Jaromerice nad Rokytnou"]
[Date "2024.03.10"]
[Round "4.1"]
[White "Lang, Simon"]
[Black "Bohacek, Jan Andrej"]
[Result "0-1"]
[ECO "B15"]
[WhiteElo "2043"]
[BlackElo "2140"]
[Annotator "RC"]
[PlyCount "74"]
[EventDate "2024.03.10"]
[EventType "tourn"]
[EventCountry "CZE"]
[SourceTitle "playchess.com"]
[Source "ChessBase"]
[SourceQuality "1"]
[TimeControl "40/5400+30:1800+30"]

1. e4 c6 2. d4 d5 3. Nc3 dxe4 4. Nxe4 Nf6 5. Nxf6+ exf6 6. c3 Bd6 7. Bd3 O-O 8. Qc2 Re8+ 9. Ne2 h5 10. O-O h4 11. h3 Nd7 12. Bd2 Nf8 13. Rae1 g6 14. f4 f5 15. Kh1 Be6 16. Ng1 Qc7 17. c4 Nd7 18. c5 Be7 19. Nf3 Nf6 20. Nxh4 Ne4 21. Nxf5 gxf5 22. Bxe4 fxe4 23. Rxe4 Bd5 24. Re3 Bf6 25. Rg3+ Bg7 26. Qf5 Re6 27. Qh5 Rg6 28. Rxg6 fxg6 29. Qxg6 Qf7 30. Qg4 Re8 31. h4 Qe6 32. Qg5 Qf6 33. Qh5 Qf7 34. Qg5 Re2 35. Qd8+ Qf8 36. Qc7 Rxd2 37. Re1 Rxg2 0-1